 Dungeon Crawl Stone Soup version 0.26-a0-682-g294304f6e8 (webtiles) character file.

Game seed: 820872613888316488

28 robertstho the Chiller (level 3, 0/21 HPs)
             Began as an Octopode Ice Elementalist on Oct 20, 2020.
             Slain by a kobold (2 damage)
             ... on level 1 of the Dungeon.
             The game lasted 00:01:09 (852 turns).

robertstho the Chiller (Octopode Ice Elementalist)   Turns: 852, Time: 00:01:09

Health: 0/21       AC:  1    Str:  7    XL:     3   Next: 14%
Magic:  1/6        EV: 13    Int: 18    God:
Gold:   15         SH:  0    Dex: 12    Spells: 5/6 levels left

rFire    . . .     SeeInvis .   (no weapon)
rCold    . . .     Faith    .   (no shield)
rNeg     . . .     Spirit   .   (helmet restricted)
rPois    .         Reflect  .   (no amulet)
rElec    .         Harm     .   (no ring)
rCorr    .         Rampage  .   (no ring)
MR       .....                  (no ring)
Stlth    +++.......             (no ring)
HPRegen  0.07/turn              (no ring)
MPRegen  0.10/turn              (no ring)
                                (no ring)
                                (no ring)

@: mighty, stab
A: almost no armour, stealthy swim, amphibious, 8 rings, constrict 8, camouflage
1, gelatinous body 1
a: no special abilities


You were on level 1 of the Dungeon.
You visited 1 branch of the dungeon, and saw 1 of its levels.

You collected 15 gold pieces.

Inventory:

Scrolls
 a - a scroll of remove curse {unknown}
 d - a scroll of teleportation {unknown}
Potions
 c - a potion of stabbing
 e - a potion of haste {unknown}
 f - a potion of heal wounds {unknown}
 g - 2 potions of mutation {unknown}


   Skills:
 + Level 2.0 Dodging
 * Level 3.3 Stealth
 + Level 0.1 Unarmed Combat
 * Level 2.0 Spellcasting
 * Level 4.6 Ice Magic


You had 5 spell levels left.
You knew the following spells:

 Your Spells              Type           Power        Failure   Level
a - Freeze                Ice            ###.         2%          1

Your spell library contained the following spells:

 Spells                   Type           Power        Failure   Level
 Frozen Ramparts          Ice            ###...       8%          3
 Ozocubu's Armour         Ice            ###.....     8%          3
 Hailstorm                Conj/Ice       ##......     56%         4
 Summon Ice Beast         Ice/Summ       ##......     56%         4


Dungeon Overview and Level Annotations

Branches:
Dungeon (1/15)

Altars:


Innate Abilities, Weirdness & Mutations

You cannot wear most types of armour.
You are very stealthy in the water. (Stealth+)
You are amphibious.
You can wear up to eight rings at the same time.
You can use your tentacles to constrict eight enemies at once.
Your skin changes colour to match your surroundings (Stealth+).
Your rubbery body absorbs attacks. (AC +1, EV +1)


Message History

The rat is heavily wounded.
You constrict the rat.
You kill the rat!
The kobold throws a stone.
The stone hits you.
* * * LOW HITPOINT WARNING * * *
It was a potion of stabbing.
You feel ready to backstab.
The rat twitches its whiskers.
The rat bites you.
* * * LOW HITPOINT WARNING * * *
It was a potion of might.
You feel very mighty all of a sudden. The rat closely misses you.
You tentacle-slap the rat.
You kill the rat!
The kobold throws a stone.
The stone hits you.
* * * LOW HITPOINT WARNING * * *
Unknown command.
The kobold hits you.
You die...

#.#. .. #.#...##
..#. #.# #.##†###
.... ... #.######
#.. #.# #.......
###... #.# ########
.[....###.# #
..........# ## ##
#.....K# #.#.#
##r###@#
###.########## ..
#(###.............
#.#
##.#.............##
..
#[...#.#.#######.##
. #.(......#.# #...
#.....####.# ####
#.#..## #.# ...#..#
... #.# #... .>.


You could see a kobold.

Vanquished Creatures
  2 dart slugs (D:1)
  2 leopard geckos (D:1)
  A bat (D:1)
  A giant cockroach (D:1)
  2 goblins (D:1)
  5 hobgoblins (D:1)
  A frilled lizard (D:1)
  2 kobolds (D:1)
  5 rats (D:1)
21 creatures vanquished.

Notes
Turn   | Place    | Note
-------+----------+-------------------------------------------
     0 | D:1      | robertstho the Octopode Ice Elementalist began the quest
                  | for the Orb.
     0 | D:1      | Reached XP level 1. HP: 11/11 MP: 3/3
   323 | D:1      | Reached XP level 2. HP: 14/17 MP: 5/5
   843 | D:1      | Reached XP level 3. HP: 9/21 MP: 2/6
   852 | D:1      | Slain by a kobold

Illustrated notes

Levels and vault maps discovered:
D:1:      psy_arrival_statuary, layout_loops_ring, minmay_liquid_box,
          hangedman_abyss_or_decor_stabs

Skill      XL: |  1 |
---------------+----+-----
Stealth        | 3 |  3.3
Dodging        | |  2.0
Unarmed Combat | |  0.1
Spellcasting   | |  2.0
Ice Magic      | |  4.6

Action                   || total
-------------------------++-------
Melee: Unarmed           ||    49
       Constrict         ||    14
       Tentacles         ||     9
 Cast: Freeze            ||     7
  Use: Potion            ||     2
 Stab: Sleeping          ||     6
       Distracted        ||     1
Armor: Skin              ||     5
Dodge: Dodged            ||    21

Table legend: (Time is in decaauts)
 A = Elapsed time spent in this place.
 B = Non-inter-level travel time spent in this place.
 C = Inter-level travel time spent in this place.
 D = Time resting spent in this place.
 E = Time spent auto-exploring this place.
 F = Levels seen in this place.
 G = Mean time per level.
                   A        B        C        D        E       F      G
               +--------+--------+--------+--------+--------+-----+--------+
         Total |    852 |    852 |      0 |    216 |    503 |   1 |  852.0 |
       Dungeon |    852 |    852 |      0 |    216 |    503 |   1 |  852.0 |
               +--------+--------+--------+--------+--------+-----+--------+

Top non-repeatable levels by time:
     D:1: 852 daAuts
